 Dungeon Crawl Stone Soup version 0.22-a0-248-gc8378ba (webtiles) character file.

650 nikopol the Magician (level 7, -4/36 HPs)
             Began as a Deep Elf Fire Elementalist on Feb 28, 2018.
             Was a Follower of Sif Muna.
             Killed by divine providence
             ... invoked by an orc priest
              (8 damage)
             ... on level 5 of the Dungeon.
             The game lasted 00:15:44 (4829 turns).

nikopol the Magician (Deep Elf Fire Elementalist)   Turns: 4829, Time: 00:15:44

Health: -4/36      AC:  2    Str:  5    XL:     7   Next: 28%
Magic:  5/19       EV: 13    Int: 22    God:    Sif Muna [*.....]
Gold:   124        SH:  7    Dex: 15    Spells: 4/19 levels left

rFire    . . .     SeeInvis .   d - +1 dagger (holy)
rCold    . . .     Gourm    .   p - +0 buckler
rNeg     . . .     Faith    .   a - +0 robe
rPois    .         Spirit   .   (no helmet)
rElec    .         Reflect  +   (no cloak)
rCorr    .         Harm     .   (no gloves)
MR       .....                  (no boots)
Stlth    ++........             e - +4 amulet of reflection
HPRegen  0.12/turn              (no ring)
MPRegen  0.16/turn              (no ring)

@: no status effects
A: no striking features
a: Divine Energy, Renounce Religion


You were on level 5 of the Dungeon.
You worshipped Sif Muna.
Sif Muna was aware of your devotion.
You were hungry.

You visited 1 branch of the dungeon, and saw 5 of its levels.

You collected 214 gold pieces.
You spent 90 gold pieces at shops.

Inventory:

Hand Weapons
 d - a +1 dagger of holy wrath (weapon)
Armour
 a - a +0 robe (worn)
 p - a +0 buckler (worn)
Jewellery
 e - a +4 amulet of reflection (around neck)
 r - an uncursed amulet of guardian spirit {unknown}
Wands
 o - a wand of paralysis (11)
Scrolls
 c - a scroll of remove curse
 f - 2 scrolls of amnesia {unknown}
 h - 3 scrolls of teleportation
 i - 2 scrolls of magic mapping {unknown}
 k - a scroll of enchant weapon {unknown}
 l - 3 scrolls of identify
 q - a scroll of enchant armour {unknown}
Potions
 g - 3 potions of lignification
 j - 2 potions of heal wounds
 m - a potion of agility
 n - a potion of brilliance
Comestibles
 b - 9 rations


   Skills:
 + Level 0.2 Fighting
 + Level 3.2 Dodging
 + Level 3.1 Stealth
 + Level 0.2 Shields
 + Level 6.9 Spellcasting
 + Level 4.2 Conjurations
 + Level 5.7 Fire Magic


You had 4 spell levels left.
You knew the following spells:

 Your Spells              Type           Power        Failure   Level  Hunger
a - Flame Tongue          Conj/Fire      ####.        1%          1    None
b - Throw Flame           Conj/Fire      ####..       2%          2    None
c - Conjure Flame         Conj/Fire      ####....     5%          3    None
d - Sticky Flame          Conj/Fire      ####....     17%         4    ###....
e - Fireball              Conj/Fire      ####......   43%         5    #####..


Dungeon Overview and Level Annotations

Branches:
Dungeon (5/15)             Temple (0/1) D:4

Altars:
Nemelex Xobeh
Sif Muna
Yredelemnul

Shops:
D:4 ?

Annotations:
D:5 Edmund


Message History

Aim: an orc, wielding a flail and wearing a leather armour (moderately wounded)
The flame tongue hits the orc.
The orc appears unharmed.
The orc is moderately wounded.
Edmund burns!
Edmund is engulfed in blazing flames.
Edmund closely misses you. The orc misses you.
Casting: Flame Tongue (safe; 1% risk of failure)
Confirm with . or Enter, or press ? or * to list all spells.
Aiming: Flame Tongue (safe; 1% risk of failure)
Press: ? - help, Shift-Dir - straight line, f/p - orc
Aim: an orc, wielding a flail and wearing a leather armour (moderately wounded)
The flame tongue misses the orc.
Edmund stops burning.
The orc priest mumbles some strange prayers to Beogh against you.
Beogh smites you!
* * * LOW HITPOINT WARNING * * *
You block the orc's attack.
Edmund is engulfed in blazing flames.
You block Edmund's attack. You block the orc's attack.
The orc priest mumbles some strange prayers to Beogh against you.
Beogh smites you!
You die...

. .## $.. #.#
#.# #.# . #.#
....###o#####.##
...o..oo@.......
....###@#####.#.
.. #.# #.# #.#
#.# #.# #.#


You could see Edmund, an orc priest and 3 orcs.

Vanquished Creatures
  Menkaure (D:4)
  A phantom (D:4)
  2 orc priests (D:4)
  6 orc wizards
  A bullfrog skeleton (D:4)
  A worker ant (D:4)
  3 gnolls (D:4)
  4 adders
  An adder skeleton (D:4)
  2 worms (D:2)
  2 dart slugs (D:2)
  2 leopard geckos (D:4)
  18 orcs
  3 bats
  A giant cockroach (D:2)
  8 goblins
  6 hobgoblins
  6 jackals
  3 quokkas
  2 ball pythons
  3 frilled lizards
  4 kobolds
  A leopard gecko skeleton (D:4)
  19 rats (D:3)
100 creatures vanquished.

Notes
Turn   | Place    | Note
-------+----------+-------------------------------------------
     0 | D:1      | nikopol the Deep Elf Fire Elementalist began the quest for the Orb.
     0 | D:1      | Reached XP level 1. HP: 10/10 MP: 6/6
   661 | D:1      | Reached XP level 2. HP: 15/15 MP: 4/8
  1070 | D:2      | Found a deep blue altar of Sif Muna.
  1079 | D:2      | Became a worshipper of Sif Muna the Loreminder
  1389 | D:2      | Reached XP level 3. HP: 12/19 MP: 5/10
  1586 | D:2      | Learned a level 2 spell: Throw Flame
  1616 | D:2      | Learned a level 3 spell: Conjure Flame
  1786 | D:2      | Found a sparkling altar of Nemelex Xobeh.
  1933 | D:2      | Found a basalt altar of Yredelemnul.
  2127 | D:2      | Reached skill level 4 in Spellcasting
  2127 | D:2      | Reached XP level 4. HP: 17/24 MP: 3/12
  2481 | D:3      | Learned a level 4 spell: Sticky Flame
  3054 | D:3      | Reached XP level 5. HP: 28/28 MP: 10/14
  3128 | D:3      | Reached * piety under Sif Muna
  3672 | D:4      | Found Rozeak's Magic Scroll Shoppe.
  3676 | D:4      | Reached skill level 5 in Spellcasting
  3685 | D:4      | Bought a scroll of teleportation for 30 gold pieces
  3685 | D:4      | Bought a scroll of identify for 20 gold pieces
  3685 | D:4      | Bought a scroll of identify for 20 gold pieces
  3685 | D:4      | Bought a scroll of identify for 20 gold pieces
  3744 | D:4      | Reached skill level 5 in Fire Magic
  3839 | D:4      | Reached XP level 6. HP: 32/32 MP: 10/16
  3848 | D:4      | Reached skill level 6 in Spellcasting
  4199 | D:4      | Found a staircase to the Ecumenical Temple.
  4376 | D:4      | Learned a level 5 spell: Fireball
  4495 | D:4      | Noticed Menkaure
  4501 | D:4      | Killed Menkaure
  4501 | D:4      | Reached XP level 7. HP: 19/36 MP: 7/19
  4817 | D:5      | Entered Level 5 of the Dungeon
  4817 | D:5      | Noticed Edmund
  4829 | D:5      | Killed from afar by an orc priest

Vault maps used:
D:1:      denvon_arrival_waterhouse
D:2:      nicolae_overflow_crystal_walls, nemelex_altar_shiori, first_ration,
          serial_bayou_ford_a, chequers_big_river, yredelemnul_altar_generic
D:3:      dk_noncrumbling_2, minmay_rat_hole
D:4:      temple_pool_b, serial_shops, shop, serial_glass, glass_columns_b,
          glass_columns_b, glass_columns_a, glass_columns_a, glass_columns_c,
          glass_columns_a, glass_columns_c, glass_columns_a, glass_columns_b,
          glass_columns_a, glass_columns_b, glass_columns_b, glass_columns_b,
          glass_columns_b, uniq_menkaure
D:5:      kennysheep_little_box, serial_shops, shop, uniq_edmund

Skill      XL: |  1  2  3  4  5  6 |
---------------+-------------------+-----
Fire Magic     | 4 5 |  5.7
Spellcasting   | 4 5 6 |  6.9
Conjurations   | 2 3 4 |  4.2
Stealth        | 3 |  3.1
Dodging        | 3 |  3.2
Fighting       | |  0.2
Shields        | |  0.2

Action                   |  1- 3 |  4- 6 |  7- 9 || total
-------------------------+-------+-------+-------++-------
Melee: Dagger            |     3 |     4 |       ||     7
 Cast: Flame Tongue      |    66 |   109 |    10 ||   185
       Throw Flame       |     1 |    14 |     1 ||    16
       Sticky Flame      |       |     4 |     1 ||     5
       Conjure Flame     |       |       |     1 ||     1
  Use: Scroll            |       |     6 |       ||     6
  Eat: Chunk             |     3 |     9 |       ||    12
Armor: Robe              |     4 |     8 |       ||    12
Dodge: Dodged            |    12 |    24 |     3 ||    39
Block: Buckler           |       |    14 |     6 ||    20
       Reflection        |       |     3 |       ||     3

Table legend:
 A = Spawn XP
 B = Non-spawn XP
 C = Spawn XP percentage of total XP
 D = Spawn monster count
 E = Non-spawn monster count
 F = Spawn count percentage of total count
 G = Total turns spent on level
                    A         B        C        D         E        F      G
               +---------+---------+-------+---------+---------+-------+---------
         Total |       0 |     929 |   0.0 |       0 |     100 |   0.0 |  4829
               +---------+---------+-------+---------+---------+-------+---------
           D:1 |       0 |      21 |   0.0 |       0 |      11 |   0.0 |  1001
           D:2 |       0 |     153 |   0.0 |       0 |      24 |   0.0 |  1904
           D:3 |       0 |     108 |   0.0 |       0 |      37 |   0.0 |   767
           D:4 |       0 |     607 |   0.0 |       0 |      27 |   0.0 |  1145
           D:5 |       0 |      40 |   0.0 |       0 |       1 |   0.0 |    12
               +---------+---------+-------+---------+---------+-------+---------
